 Dungeon Crawl Stone Soup version 0.23.1 (webtiles) character file.

Game seed: 2475399750357591307

121 Borgoz the Sneak (level 5, -4/40 HPs)
             Began as a Ghoul Enchanter on Mar 4, 2019.
             Slain by a wyvern skeleton (9 damage)
             ... on level 3 of the Dungeon.
             The game lasted 00:05:13 (2655 turns).

Borgoz the Sneak (Ghoul Enchanter)                  Turns: 2655, Time: 00:05:14

Health: -4/40      AC:  6    Str: 10 (12) XL:     5   Next: 5%
Magic:  5/7        EV: 12    Int:  8 (11) God:
Gold:   186        SH:  0    Dex:  7 (9)  Spells: 5/8 levels left

rFire    . . .     SeeInvis .   g - +0 short sword
rCold    + . .     Gourm    .   (no shield)
rNeg     + + +     Faith    .   b - +0 robe
rPois    ∞         Spirit   .   (no helmet)
rElec    .         Reflect  .   i - +0 cloak
rCorr    .         Harm     .   (no gloves)
MR       .....                  (no boots)
Stlth    ++........             (no amulet)
HPRegen  0.00/turn              a - +3 ring of protection
MPRegen  0.10/turn              (no ring)

@: very slightly contaminated, rotting
A: rotting body, claws 1, carnivore, cold resistance 1, negative energy
resistance 3, inhibited regeneration, torment resistance, unbreathing
a: no special abilities


You were on level 3 of the Dungeon.
You were not hungry.

You visited 1 branch of the dungeon, and saw 3 of its levels.

You collected 186 gold pieces.

Inventory:

Hand Weapons
 g - a +0 short sword (weapon)
Armour
 b - a +0 robe (worn)
 i - a +0 cloak (worn)
Jewellery
 a - a +3 ring of protection (left claw)
Scrolls
 j - a scroll of enchant weapon {unknown}
Potions
 c - a potion of cancellation
 e - a potion of degeneration
 f - a potion of resistance
Comestibles
 d - 9 rations
 h - 2 chunks of flesh


   Skills:
 + Level 1.4 Fighting
 * Level 2.1 Short Blades
 * Level 2.6 Dodging
 + Level 3.9 Stealth
 + Level 2.1 Spellcasting
 * Level 2.8 Hexes


You had 5 spell levels left.
You knew the following spells:

 Your Spells              Type           Power        Failure   Level  Hunger
a - Corona                Hex            #......      11%         1    ##.....
b - Ensorcelled Hibernat  Hex/Ice        #.....       30%         2    ###....

Your spell library contained the following spells:

 Spells                   Type           Power        Failure   Level  Hunger
 Confuse                  Hex            #.......     32%         3    ####...
 Tukima's Dance           Hex            #.......     32%         3    ####...
 Dazzling Spray           Conj/Hex       #.....       52%         3    ####...


Dungeon Overview and Level Annotations

Branches:
Dungeon (3/15)

Altars:
Uskayaw

Annotations:
D:3 1 runed translucent door, Rwicked's ghost, amateur OpFE


Innate Abilities, Weirdness & Mutations

Your body is rotting away.
You thrive on raw meat.
You are immune to poison.
You have sharp fingernails.
You are carnivorous and can eat meat at any time.
Your flesh is cold resistant. (rC+)
You are immune to negative energy. (rN+++)
You do not regenerate when monsters are visible.
You are immune to unholy pain and torment.
You can survive without breathing.


Message History

Confirm with . or Enter, or press ? or * to list all spells.
Aiming: Corona (safe; 9% risk of failure)
Press: ? - help, Shift-Dir - straight line, f - wyvern skeleton
Aim: a wyvern skeleton (lightly damaged, chance to defeat MR: 53%)
The wyvern skeleton struggles to resist.
The wyvern skeleton barely misses you.
Casting: Corona (safe; 9% risk of failure)
Confirm with . or Enter, or press ? or * to list all spells.
Aiming: Corona (safe; 9% risk of failure)
Press: ? - help, Shift-Dir - straight line, f/p - wyvern skeleton
Aim: a wyvern skeleton (lightly damaged, chance to defeat MR: 53%)
You miscast Corona.
You are very lightly contaminated with residual magic.
Nothing appears to happen.
The wyvern skeleton bites you! x2
* * * LOW HITPOINT WARNING * * *
It was a potion of degeneration.
There was something very wrong with that liquid.
You feel weakened.
You feel dopey.
You feel clumsy. The wyvern skeleton bites you!
You die...

#.######.#####.####.
####.#### #.......# #.
#...)...# ######### #.
#.#####.######## #. #
#.#..>...# ##
#.#......# #
#.#......# #
#..#####.#......# #
#.....Z@.#......# ##
#.###.####......####
#. ... ####......# #÷
#.#.#######.####.# #.
#.#.........####.####.
.....###......(.......
#......#.##.#..#.#####
≈# #####.<...........#
W#
##...###.#.##.#..###


You could see a wyvern skeleton.

Vanquished Creatures
  A hound (D:2)
  3 adders
  2 worms
  4 leopard geckos
  An orc (D:3)
  3 ball pythons
  3 giant cockroaches
  4 goblins
  8 hobgoblins
  3 jackals (D:1)
  6 kobolds
  A quokka (D:2)
  6 bats
  3 frilled lizards
  2 rats (D:3)
50 creatures vanquished.

Notes
Turn   | Place    | Note
-------+----------+-------------------------------------------
     0 | D:1      | Borgoz the Ghoul Enchanter began the quest for the Orb.
     0 | D:1      | Reached XP level 1. HP: 14/14 MP: 2/2
    49 | D:1      | Reached skill level 1 in Short Blades
   103 | D:1      | Reached XP level 2. HP: 9/20 MP: 1/3
   110 | D:1      | Learned a level 2 spell: Ensorcelled Hibernation
  1068 | D:2      | Reached XP level 3. HP: 12/27 MP: 0/5
  1223 | D:2      | Reached XP level 4. HP: 27/34 MP: 6/6
  1249 | D:2      | Reached skill level 1 in Fighting
  1910 | D:3      | Found a hide-covered altar of Uskayaw.
  2365 | D:3      | Reached XP level 5. HP: 23/40 MP: 0/7
  2485 | D:3      | Found a runed translucent door.
  2490 | D:3      | Noticed Rwicked's ghost (amateur OpFE)
  2655 | D:3      | Slain by a wyvern skeleton

Skill      XL: |  1  2  3  4 |
---------------+-------------+-----
Short Blades   | 1 2 |  2.1
Dodging        | 2 |  2.6
Spellcasting   | 2 |  2.1
Fighting       | 1 |  1.4
Stealth        | |  3.9
Hexes          | |  2.8

Action                   |  1- 3 |  4- 6 || total
-------------------------+-------+-------++-------
Melee: Dagger            |    30 |       ||    30
       Short sword       |    81 |   128 ||   209
 Cast: Corona            |     3 |     3 ||     6
       Ensorcelled Hiber |     5 |    14 ||    19
  Use: Potion            |     2 |     1 ||     3
       Scroll            |       |     5 ||     5
 Stab: Sleeping          |     7 |    12 ||    19
       Distracted        |       |     1 ||     1
  Eat: Chunk             |     8 |     7 ||    15
Armor: Robe              |    20 |    38 ||    58
Dodge: Dodged            |    96 |    86 ||   182
